[Event "*** SCC Grand Prix: Titled Tuesday Blitz"]
[Site "Chess.com"]
[Date "2020.08.11"]
[Round "4"]
[White "eCztery"]
[Black "xamax2000"]
[Result "0-1"]
[WhiteElo "2417"]
[BlackElo "2620"]
[TimeControl "180+1"]
[EndTime "10:38:13 PDT"]
[Termination "xamax2000 won on time"]

1. e4 e5 2. Nf3 Nc6 3. d4 exd4 4. Bc4 Nf6 5. O-O Nxe4 6. Nc3 dxc3 7. Re1 Be7 8. Rxe4 O-O 9. bxc3 Bf6 10. Qd5 Ne7 11. Qh5 d5 12. Rxe7 Qxe7 13. Bxd5 Rd8 14. Ba3 Rxd5 15.
Qxd5 Qxa3 16. Rd1 c6 17. Qd3 Be6 18. Nd4 Bxd4 19. Qxd4 h6 20. h3 Qxa2 21. Qc5 a5 0-1

[Event "*** SCC Grand Prix: Titled Tuesday Blitz"]
[Site "Chess.com"]
[Date "2020.08.11"]
[Round "4"]
[White "Chuchofrio1"]
[Black "Crazy_girl99"]
[Result "0-1"]
[WhiteElo "2283"]
[BlackElo "2495"]
[TimeControl "180+1"]
[EndTime "10:38:14 PDT"]
[Termination "Crazy_girl99 won by checkmate"]

1. d4 d5 2. c4 e6 3. Nc3 Nf6 4. cxd5 exd5 5. Bg5 c6 6. Qc2 Be7 7. e3 Be6 8. Bd3 Nbd7 9. Nf3 h6 10. Bh4 Nh5 11. Bg3 Nxg3 12. hxg3 Nf6 13. Ne5 Rc8 14.
Qa4 Qb6 15. Rb1 O-O 16. b4 a6 17. a3 Qc7 18. Qc2 c5 19. bxc5 Bxc5 20. dxc5 Qxe5 21. Ne2 Nd7 22. Kf1 Nxc5 23. Bh7+ Kh8 24. Rc1 Ne4 25. Qb2 Qxb2 26. Re1 Kxh7 27. Kg1 Rc2 28. Kf1 Bg4 29. f3 Rxe2 30. Rxe2 Nxg3+ 31. Kg1 Nxe2+ 32. Kh2 Qe5+ 33. f4 Nxf4 34. exf4 Qxf4+ 35. Kg1 Re8 36. Rh4 Re1# 0-1

[Event "*** SCC Grand Prix: Titled Tuesday Blitz"]
[Site "Chess.com"]
[Date "2020.08.11"]
[Round "4"]
[White "Jadeit90"]
[Black "grunbergmihai"]
[Result "0-1"]
[WhiteElo "2240"]
[BlackElo "2443"]
[TimeControl "180+1"]
[EndTime "10:38:14 PDT"]
[Termination "grunbergmihai won by resignation"]

1. c4 Nf6 2. g3 g6 3. Bg2 d5 4. cxd5 Nxd5 5. Nc3 Nb6 6. Nf3 Bg7 7. O-O O-O 8. a4 a5 9. d4 Nc6 10. d5 Nb4 11. e4 e6 12. Bg5 f6 13. Be3 exd5 14.
Bxb6 cxb6 15. exd5 f5 16. Nd4 Re8 17. Rc1 Bd7 18.
Qd2 Rc8 19. Rfd1 Qf6 20. h4 Rc5 21. Nf3 Rd8 22. h5 Be8 23. hxg6 hxg6 24. Qf4 Qd6 25. Qh4 Bf6 26. Qh6 Qe7 27. Re1 Qg7 28. Qxg7+ Kxg7 29. Ne5 Bxe5 30. Rxe5 Nd3 31. Rce1 Nxe5 32. Rxe5 Bf7 33. f4 Kf6 34. Kf2 Re8 35. Rxe8 Bxe8 36. Ke3 Rc4 37. Kd3 Rb4 38. d6 Rxb2 39. Bxb7 Ke6 40. Nd1 Rb3+ 0-1

[Event "*** SCC Grand Prix: Titled Tuesday Blitz"]
[Site "Chess.com"]
[Date "2020.08.11"]
[Round "4"]
[White "rugbyclub"]
[Black "stolencandy13"]
[Result "1-0"]
[WhiteElo "2188"]
[BlackElo "2411"]
[TimeControl "180+1"]
[EndTime "10:38:14 PDT"]
[Termination "rugbyclub won by resignation"]

1. c4 f5 2. g3 Nf6 3. Bg2 e5 4.
d4 d6 5. Nc3 Be7 6. Nf3 e4 7.
Nd2 Nc6 8. e3 O-O 9. O-O a5 10. f3 exf3 11. Nxf3 Qe8 12. Ng5 Qg6 13. e4 h6 14. Nh3 fxe4 15. Nf4 Qg4 16. Nxe4 Nxe4 17.
Bxe4 Qxd1 18. Rxd1 Bg4 19. Rd3 Rae8 20. Bg6 Bf6 21.
Bxe8 Bxd4+ 22. Be3 Rxe8 23. Bxd4 g5 24. Nd5 Re2 25.
Nf6+ 1-0

[Event "*** SCC Grand Prix: Titled Tuesday Blitz"]
[Site "Chess.com"]
[Date "2020.08.11"]
[Round "4"]
[White "Eternauta2400"]
[Black "econpower"]
[Result "0-1"]
[WhiteElo "2505"]
[BlackElo "2720"]
[TimeControl "180+1"]
[EndTime "10:38:15 PDT"]
[Termination "econpower won on time"]

1. e4 d6 2. d4 Nf6 3. Nc3 e5 4. Nf3 Nbd7 5. Bc4 c6 6. a4 Be7 7. O-O h6 8. Re1 Qc7 9. h3 Nf8 10. d5 g5 11. Be3 Ng6 12. a5 Rg8 13. a6 b5 14. Bf1 b4 15. Ne2 g4 16. hxg4 Bxg4 17.
Ng3 h5 18. dxc6 h4 19. Nf5 h3 20. g3 Nxe4 21. Nxe7 Nxe7 22. Bc5 Nxc5 23. Bc4 e4 0-1

[Event "*** SCC Grand Prix: Titled Tuesday Blitz"]
[Site "Chess.com"]
[Date "2020.08.11"]
[Round "4"]
[White "AliKa2810"]
[Black "onnoelgersma"]
[Result "0-1"]
[WhiteElo "2601"]
[BlackElo "2431"]
[TimeControl "180+1"]
[EndTime "10:38:15 PDT"]
[Termination "onnoelgersma won by resignation"]

1. d4 d5 2. c4 e6 3. Nc3 Nf6 4. cxd5 exd5 5. Bg5 c6 6. e3 Bd6 7. Bd3 O-O 8. Qc2 h6 9. Bh4 Re8 10. Nge2 a5 11. h3 Na6 12. a3 Nc7 13. O-O Ne6 14.
f4 Nc7 15. e4 dxe4 16. Nxe4 Be7 17. Nxf6+ Bxf6 18. Bxf6 Qxf6 19. Nc3 Qxd4+ 20. Kh2 Qf6 21. Ne4 Qh4 22. f5 Nd5 23. Rf3 Bxf5 24. Rxf5 Ne3 25. Qf2 Ng4+ 0-1

[Event "*** SCC Grand Prix: Titled Tuesday Blitz"]
[Site "Chess.com"]
[Date "2020.08.11"]
[Round "4"]
[White "GiantThresher"]
[Black "GadimbayliA"]
[Result "1/2-1/2"]
[WhiteElo "2723"]
[BlackElo "2856"]
[TimeControl "180+1"]
[EndTime "10:38:16 PDT"]
[Termination "Game drawn by repetition"]

1. e4 e5 2. Nf3 d5 3. d3 dxe4 4. dxe4 Qxd1+ 5. Kxd1 Nc6 6. c3 Nf6 7. Nbd2 Ng4 8. Ke1 Bc5 9. Bb5 Bxf2+ 10. Ke2 Bb6 11.
h3 Nf6 12. Nxe5 a6 13. Ba4 Bd7 14. Nxd7 Nxd7 15. Nc4 O-O-O 16. Bxc6 bxc6 17. Re1 Rhe8 18. Kf3 Nc5 19. Be3 Nd3 20. Red1 Bxe3 21. Kxe3 Nc5 22. Rxd8+ Kxd8 23. Rd1+ Kc8 24. e5 f6 25. Kf4 fxe5+ 26.
Nxe5 Rf8+ 27. Ke3 Re8 28. Kf4 Rf8+ 29. Ke3 Re8 30. Kf4 1/2-1/2

[Event "*** SCC Grand Prix: Titled Tuesday Blitz"]
[Site "Chess.com"]
[Date "2020.08.11"]
[Round "4"]
[White "Orest_Vovk"]
[Black "StephenDedalus83"]
[Result "1-0"]
[WhiteElo "2443"]
[BlackElo "2785"]
[TimeControl "180+1"]
[EndTime "10:38:16 PDT"]
[Termination "Orest_Vovk won by resignation"]

1. h4 d5 2. h5 e5 3. h6 Nxh6 4. d4 e4 5. Bxh6 gxh6 6. e3 c6 7. c4 Be6 8. Qb3 Qb6 9. Nc3 Nd7 10. cxd5 cxd5 11. Nge2 Nf6 12. Nf4 Qxb3 13. axb3 a6 14. g3 Rc8 15. Bh3 Rc6 16. Kd1 Rg8 17. Na4 Rg5 18. Rc1 Rxc1+ 19. Kxc1 h5 20. Bxe6 fxe6 21. Nxe6 Rg6 22. Nxf8 Kxf8 23. Nc5 Rg5 24. Ne6+ 1-0

[Event "*** SCC Grand Prix: Titled Tuesday Blitz"]
[Site "Chess.com"]
[Date "2020.08.11"]
[Round "4"]
[White "Klavdia_Nik"]
[Black "JoliyRoger"]
[Result "0-1"]
[WhiteElo "2054"]
[BlackElo "2316"]
[TimeControl "180+1"]
[EndTime "10:38:19 PDT"]
[Termination "JoliyRoger won on time"]

1. Nf3 Nf6 2. c4 c5 3. b3 e6 4.
Bb2 Nc6 5. g3 Be7 6. Bg2 O-O 7.
O-O a6 8. d4 cxd4 9. Nxd4 Qc7 10. Nc3 Ne5 11. e4 d6 12. Rc1 Rb8 13. Qd2 Re8 14.
h3 Bf8 15. f4 Ng6 16. Rfd1 b6 17. Qe2 Bb7 18. h4 Be7 19. h5 Nf8 20. Bf3 h6 21.
Kg2 N8h7 22. Rd2 Bf8 23. Rcd1 Nd7 24. Nc2 Rbd8 25. Ne3 Nc5 26. Ng4 Bc6 27. Qe3 Bb7 28.
Ne2 Ba8 29. Qc3 e5 30. fxe5 Nxe4 31. Bxe4 Bxe4+ 32. Kh2 dxe5 33. Qe3 Rxd2 34. Rxd2 f5 35. Nf2 Bc5 0-1

[Event "*** SCC Grand Prix: Titled Tuesday Blitz"]
[Site "Chess.com"]
[Date "2020.08.11"]
[Round "4"]
[White "AleksanderHnydiuk"]
[Black "LiemLe"]
[Result "0-1"]
[WhiteElo "2557"]
[BlackElo "2959"]
[TimeControl "180+1"]
[EndTime "10:38:23 PDT"]
[Termination "LiemLe won on time"]

1. e4 c6 2. d4 d5 3. Nc3 dxe4 4. Nxe4 Bf5 5. Ng3 Bg6 6. h4 h6 7. Nf3 e6 8. Ne5 Bh7 9. Bd3 Bxd3 10. Qxd3 Nd7 11. f4 Bb4+ 12. c3 Be7 13. Bd2 Ngf6 14. O-O-O c5 15. Kb1 cxd4 16. cxd4 O-O 17. Qf3 Nb6 18. f5 Qxd4 19. Rhe1 Qd5 20. fxe6 fxe6 21. Ng6 Rf7 22. Nxe7+ Rxe7 23. Qe2 Qc4 24. Qf3 Qg4 25. Qa3 Rd7 26. Nf1 Nc4 27. Qc3 Rad8 28. Ne3 Qe4+ 0-1

[Event "*** SCC Grand Prix: Titled Tuesday Blitz"]
[Site "Chess.com"]
[Date "2020.08.11"]
[Round "4"]
[White "HouseOfDurin"]
[Black "juancruzarias"]
[Result "0-1"]
[WhiteElo "2089"]
[BlackElo "2380"]
[TimeControl "180+1"]
[EndTime "10:38:23 PDT"]
[Termination "juancruzarias won by resignation"]

1. d4 e6 2. Bg5 Qxg5 3. Nf3 Qd8 4. e3 Nf6 5. c4 Bb4+ 6. Nc3 O-O 7. Qc2 b6 8. Bd3 Bb7 9. O-O-O d5 10. a3 Bxc3 11.
Qxc3 Nbd7 12. c5 Ne4 13. Bxe4 dxe4 14. c6 Bxc6 15. Qxc6 exf3 16. gxf3 Nf6 17. e4 Qd6 18.
Qc3 Qf4+ 19. Kb1 c5 20. dxc5 bxc5 21. Rhg1 g6 22. Rg3 Rfd8 23. Rdg1 Rac8 24. Rg5 c4 25. h4 Rd3 26. Qa5 c3 27. Qa6 c2+ 28. Ka2 c1=Q 29. Rxc1 Rxa3+ 30. Kxa3 Qxc1 31. Qxa7 Qa1+ 32.
Kb3 Qxa7 0-1

[Event "*** SCC Grand Prix: Titled Tuesday Blitz"]
[Site "Chess.com"]
[Date "2020.08.11"]
[Round "4"]
[White "politeplayer"]
[Black "GameOverBro"]
[Result "1-0"]
[WhiteElo "2235"]
[BlackElo "2447"]
[TimeControl "180+1"]
[EndTime "10:38:25 PDT"]
[Termination "politeplayer won by resignation"]

1. e4 d6 2. d4 Nf6 3. Nc3 e5 4. Nge2 c6 5. f3 h5 6. Bg5 Nbd7 7. Qd2 a5 8. O-O-O a4 9. g3 Qa5 10. Bh3 Be7 11. dxe5 Nxe5 12. Bxc8 Nxf3 13. Bxb7 Nxd2 14. Bxc6+ Kf8 15. Bxa8 Qxg5 16. Rxd2 h4 17. Rd1 hxg3 18. hxg3 a3 19. bxa3 d5 20. Bxd5 Bxa3+ 21. Kb1 Qe5 22. Bb3 Ke7 23. Nd4 Rc8 24. Nf5+ Kf8 25. Rd8+ Rxd8 26.
Rxd8+ Ne8 27. Ba4 1-0

[Event "*** SCC Grand Prix: Titled Tuesday Blitz"]
[Site "Chess.com"]
[Date "2020.08.11"]
[Round "4"]
[White "bazar-wokzal"]
[Black "ValeriyGrinev"]
[Result "1/2-1/2"]
[WhiteElo "2471"]
[BlackElo "2635"]
[TimeControl "180+1"]
[EndTime "10:38:28 PDT"]
[Termination "Game drawn by repetition"]

1. e4 c5 2. c3 Nf6 3. e5 Nd5 4. d4 cxd4 5. cxd4 d6 6. Bc4 e6 7. Nf3 Be7 8. O-O O-O 9. Qe2 b6 10. Qe4 Ba6 11. Nbd2 Bxc4 12. Nxc4 Nc6 13. Bd2 b5 14.
Ne3 Nxe3 15. fxe3 Rc8 16. Rf2 dxe5 17. Nxe5 Nxe5 18. Qxe5 Qd5 19. Qxd5 exd5 20. Rc1 Rc4 21. b3 Rxc1+ 22. Bxc1 Rc8 23. Bb2 g6 24. Kf1 f5 25.
Ke2 h5 26. Kd3 Bg5 27. h3 h4 28. Re2 Kf7 29. Bc3 Ke6 30. Bb4 Rc1 31. Bc5 a6 32. Ba3 Rd1+ 33. Rd2 Rxd2+ 34. Kxd2 Bh6 35. Kd3 g5 36.
Bb4 g4 37. Ba5 Bg5 38. Bc7 Kd7 39. Bf4 Bf6 40. Kc3 Kc6 41. Kd3 Kb6 42. Bd6 Kc6 43. Bf4 Be7 44. Be5 Kb6 45. Bf4 Ka5 46. Kc3 b4+ 47.
Kd3 Kb5 48. Be5 a5 49. Bf4 a4 50. Be5 Bg5 51. Bf4 Bf6 52. Bd6 Bg5 53. Bf4 Bf6 54.
Bd6 Bg5 55. Bf4 1/2-1/2

[Event "*** SCC Grand Prix: Titled Tuesday Blitz"]
[Site "Chess.com"]
[Date "2020.08.11"]
[Round "4"]
[White "Xeniya2005"]
[Black "coocloo"]
[Result "1-0"]
[WhiteElo "2362"]
[BlackElo "2024"]
[TimeControl "180+1"]
[EndTime "10:38:31 PDT"]
[Termination "Xeniya2005 won by resignation"]

1. e4 e5 2. Nf3 Nc6 3. Nc3 Nf6 4. Bb5 Bc5 5. O-O O-O 6. Bxc6 dxc6 7. Nxe5 Re8 8. Nf3 Nxe4 9. Nxe4 Rxe4 10. d3 Re8 11.
h3 h6 12. c3 Bf5 13. d4 Bd6 14. Be3 Qf6 15. Re1 Rad8 16. Nd2 Qg6 17. Qf3 Re7 18.
c4 Bb4 19. Rad1 Bc2 20. Rc1 Bxd2 21. Bxd2 Rxe1+ 22. Rxe1 Rxd4 23. Bc3 Rd8 24. Kh2 Kf8 25. g3 Rd3 26. Qe2 f6 27. Qxc2 Rxg3 28. Qxg6 Rxg6 29.
Bb4+ Kf7 30. Re7+ Kg8 31. Rxc7 Rg5 32. Rxb7 Rf5 33. Kg2 Rf4 34. b3 Rd4 35. Rxa7 Rd3 1-0

[Event "*** SCC Grand Prix: Titled Tuesday Blitz"]
[Site "Chess.com"]
[Date "2020.08.11"]
[Round "4"]
[White "Susal_De_Silva"]
[Black "FlamingPhoenix123"]
[Result "0-1"]
[WhiteElo "2326"]
[BlackElo "2542"]
[TimeControl "180+1"]
[EndTime "10:38:34 PDT"]
[Termination "FlamingPhoenix123 won by resignation"]

1. e4 c5 2. Nf3 d6 3. Bb5+ Bd7 4.
Bxd7+ Qxd7 5. c4 Nc6 6. Nc3 Nf6 7. O-O e6 8. d4 cxd4 9. Nxd4 Be7 10. Be3 O-O 11.
f3 a6 12. Qd2 Rfc8 13. b3 Nxd4 14. Bxd4 b5 15. cxb5 axb5 16. Rfc1 d5 17. exd5 Nxd5 18.
Nxd5 Qxd5 19. Qf2 Rd8 20. Bb2 b4 21. h3 Rac8 22. Rxc8 Rxc8 23. Kh1 f6 24. Re1 e5 25. Qe2 Rc5 26. f4 Qc6 27. Qg4 Rc2 28. Ba1 f5 29. Qg3 Bh4 0-1

[Event "*** SCC Grand Prix: Titled Tuesday Blitz"]
[Site "Chess.com"]
[Date "2020.08.11"]
[Round "4"]
[White "Novoselski"]
[Black "CzechmVIII"]
[Result "1-0"]
[WhiteElo "2400"]
[BlackElo "2152"]
[TimeControl "180+1"]
[EndTime "10:38:34 PDT"]
[Termination "Novoselski won by resignation"]

1. e4 c5 2. Nf3 d6 3. Bb5+ Bd7 4. a4 Nf6 5. Qe2 g6 6. e5 dxe5 7. Nxe5 Bg7 8. Nc3 O-O 9. O-O Be6 10. d3 Nbd7 11. Bc4 Bxc4 12. Nxc4 Nb6 13. Nxb6 axb6 14. Bg5 Re8 15. Nb5 Nd5 16. c3 h6 17. Be3 Qd7 18. Rfd1 e5 19. Qd2 Nxe3 20. Qxe3 Rxa4 21. Rxa4 Qxb5 22. Ra2 Qb3 23. Rda1 Kh7 24. Qe2 Rd8 25.
f3 Qd5 26. Ra7 b5 27. Qe4 Qxd3 28. Rxb7 Qxe4 29. fxe4 b4 30. cxb4 c4 31. Rxf7 1-0

[Event "*** SCC Grand Prix: Titled Tuesday Blitz"]
[Site "Chess.com"]
[Date "2020.08.11"]
[Round "4"]
[White "JRenatoMaranhao"]
[Black "Cambek64"]
[Result "0-1"]
[WhiteElo "2041"]
[BlackElo "2309"]
[TimeControl "180+1"]
[EndTime "10:38:34 PDT"]
[Termination "Cambek64 won on time"]

1. e4 Nf6 2. e5 Nd5 3. d4 d6 4. Nf3 g6 5. Be2 Bg7 6. O-O O-O 7. c4 Nb6 8. Nc3 Nc6 9. exd6 cxd6 10. b3 Bg4 11. Be3 d5 12. c5 Nc8 13. h3 Bxf3 14.
Bxf3 e6 15. Qd2 N8e7 16. Bh6 Bxh6 17. Qxh6 Nf5 18. Qd2 Nfxd4 19. Bd1 Qa5 20. Rc1 Qxc5 21. g4 Qd6 22. Qh6 f5 23. Re1 Rf7 24. a4 a6 25.
Re3 Raf8 26. g5 f4 27. Rd3 Nf5 28. Ne4 Qe5 29. Nf6+ Rxf6 0-1

[Event "*** SCC Grand Prix: Titled Tuesday Blitz"]
[Site "Chess.com"]
[Date "2020.08.11"]
[Round "4"]
[White "IMHansNiemann"]
[Black "Murad_Ibrahimli"]
[Result "1-0"]
[WhiteElo "2924"]
[BlackElo "2693"]
[TimeControl "180+1"]
[EndTime "10:38:35 PDT"]
[Termination "IMHansNiemann won by resignation"]

1. d4 Nf6 2. Nc3 d5 3. Bf4 a6 4.
e3 e6 5. g4 c5 6. g5 Nfd7 7.
Nf3 Nc6 8. Bg2 cxd4 9. exd4 Nb6 10. O-O Bd6 11. Bg3 O-O 12. Ne2 Re8 13. h4 e5 14.
dxe5 Nxe5 15. Nxe5 Bxe5 16. Bxe5 Rxe5 17. Nd4 Bd7 18.
b3 Qc7 19. Qd2 Rae8 20. Rfe1 Qd6 21. Rad1 g6 22. Nf3 Rxe1+ 23. Rxe1 Rxe1+ 24. Qxe1 Qc5 25. Qd2 Bf5 26. Nd4 Bd7 27. Qe3 Qd6 28. Ne2 Nc8 29.
Qf4 Qc5 30. Qe5 Qxc2 31. Nf4 Qc5 32. Nxd5 Qc1+ 33. Kh2 Be6 34. Nf6+ Kf8 35. Bxb7 Nb6 36. Qd6+ Kg7 37. Qxb6 Qf4+ 38. Kg2 Qxh4 39. Qe3 h6 40.
Qg3 Qd4 41. Ne8+ Kf8 42. Qd6+ Qxd6 43. Nxd6 hxg5 44. Bxa6 1-0

[Event "*** SCC Grand Prix: Titled Tuesday Blitz"]
[Site "Chess.com"]
[Date "2020.08.11"]
[Round "4"]
[White "abhidabhi"]
[Black "Kildepiotr"]
[Result "0-1"]
[WhiteElo "2778"]
[BlackElo "2616"]
[TimeControl "180+1"]
[EndTime "10:38:35 PDT"]
[Termination "Kildepiotr won on time"]

1. e4 g6 2. d4 Bg7 3. Nc3 c6 4. Nf3 d6 5. Be3 Bg4 6. h3 Bxf3 7. Qxf3 Nd7 8. Be2 Ngf6 9. g4 e5 10. O-O-O Qc7 11. Qg3 h5 12. g5 h4 13. Qg2 Nh5 14. Qg4 O-O-O 15. d5 Nf4 16. dxc6 bxc6 17.
Bc4 Rdf8 18. Rd2 Kb8 19. Rhd1 f5 20. gxf6 Nxf6 21. Qf3 Rd8 22. Bxf4 exf4 23. Ne2 Nd7 0-1

[Event "*** SCC Grand Prix: Titled Tuesday Blitz"]
[Site "Chess.com"]
[Date "2020.08.11"]
[Round "4"]
[White "korbul"]
[Black "DishonorOnYourCow"]
[Result "1-0"]
[WhiteElo "2577"]
[BlackElo "2319"]
[TimeControl "180+1"]
[EndTime "10:38:35 PDT"]
[Termination "korbul won by resignation"]

1. e4 c5 2. Nf3 d6 3. d4 cxd4 4. Nxd4 Nf6 5. Nc3 a6 6. Be2 e5 7.
Nb3 Be7 8. f4 Nc6 9. O-O O-O 10.
Kh1 b5 11. a4 b4 12. Nd5 Bb7 13. a5 Nxe4 14. f5 Bg5 15. f6 Bxc1 16. Qxc1 Nxf6 17.
Rxf6 gxf6 18. Qh6 Nb8 19. Nxf6+ Qxf6 20. Qxf6 Nd7 21. Qxd6 Rad8 22. Bxa6 Nb8 23. Qxd8 Rxd8 24. Bxb7 Nd7 25. a6 Nb6 26. a7 Na8 27. Bxa8 Rxa8 28.
g3 e4 29. Kg1 f5 30. Kf2 Kf7 31. Ke3 Ke6 32. Kf4 Kd5 33. Kxf5 e3 34. Nc1 Kd4 35.
Ne2+ Kc4 36. Kf4 b3 37. cxb3+ Kd3 38. Kf3 Rf8+ 39. Nf4+ Kd2 40. a8=Q 1-0

[Event "*** SCC Grand Prix: Titled Tuesday Blitz"]
[Site "Chess.com"]
[Date "2020.08.11"]
[Round "4"]
[White "GMJustin"]
[Black "Sergey85Rodchenkov"]
[Result "0-1"]
[WhiteElo "2281"]
[BlackElo "2476"]
[TimeControl "180+1"]
[EndTime "10:38:35 PDT"]
[Termination "Sergey85Rodchenkov won on time"]

1. d4 Nf6 2. c4 e6 3. Nc3 Bb4 4. e3 c5 5. Bd3 Nc6 6. Nf3 d6 7. O-O Bxc3 8. bxc3 e5 9. Nd2 O-O 10. Nb3 b6 11. f4 exd4 12. cxd4 Re8 13. d5 Nb4 14. Bb1 Bg4 15. Qe1 Qd7 16. a3 Na6 17.
Bb2 Ne4 18. Nd2 Nxd2 19. Qxd2 Bf5 20. Ba2 Nc7 21. Rae1 Be4 22. Qc3 f6 23. h3 b5 24.
cxb5 Nxb5 25. Qd2 Rab8 26. Bc4 Nc7 27. Bc3 Qa4 0-1

[Event "*** SCC Grand Prix: Titled Tuesday Blitz"]
[Site "Chess.com"]
[Date "2020.08.11"]
[Round "4"]
[White "tan275"]
[Black "Sn00pPawn"]
[Result "0-1"]
[WhiteElo "2221"]
[BlackElo "2011"]
[TimeControl "180+1"]
[EndTime "10:38:35 PDT"]
[Termination "Sn00pPawn won by resignation"]

1. d4 Nf6 2. c4 g6 3. g3 Bg7 4. Bg2 O-O 5. Nf3 d6 6. Nc3 Nc6 7. O-O a6 8. b3 Rb8 9. Bg5 h6 10. Bxf6 Bxf6 11. Nd5 Bg7 12. Rc1 Bg4 13. h3 Bxf3 14.
Bxf3 Nxd4 15. Bg2 c5 16. Qd3 b5 17. e3 Nc6 18. cxb5 axb5 19. Rfd1 e6 20. Nf6+ Bxf6 21.
Bxc6 Qb6 22. Qxd6 Rbd8 23. Qf4 Bb2 24. Rxd8 Rxd8 25. Rb1 Qxc6 26. Qh4 Rd2 27. Qxh6 Qf3 28. Qf4 Qxf4 29. gxf4 c4 30. bxc4 bxc4 31. Kf1 c3 32.
Ke1 c2 0-1

[Event "*** SCC Grand Prix: Titled Tuesday Blitz"]
[Site "Chess.com"]
[Date "2020.08.11"]
[Round "4"]
[White "PSvidler"]
[Black "bascheyaro"]
[Result "1-0"]
[WhiteElo "2930"]
[BlackElo "2706"]
[TimeControl "180+1"]
[EndTime "10:38:36 PDT"]
[Termination "PSvidler won by checkmate"]

1. e4 e6 2. d4 d5 3. Nd2 c5 4. Ngf3 Nc6 5. exd5 exd5 6. Bb5 c4 7. O-O Bd6 8. b3 cxb3 9. Bxc6+ bxc6 10. axb3 Ne7 11.
Ba3 Bxa3 12. Rxa3 O-O 13. Qa1 Qc7 14. Qc3 Bg4 15. Ne5 Bh5 16. Rfa1 f6 17. Nd3 Nf5 18. Nb4 Qf4 19. Nxc6 Rac8 20. b4 Be8 21. g3 Qc7 22. b5 Bxc6 23. bxc6 Qxc6 24. Qxc6 Rxc6 25. c3 h5 26. Ra5 Rd8 27. R1a3 Kh7 28. Rxa7 Rdc8 29. Rd7 Rxc3 30. Rxc3 Rxc3 31. Rxd5 Kg6 32.
Kg2 Rc2 33. Nf1 Rc4 34. Rxf5 Rxd4 35. Ra5 Rb4 36. Ne3 Rd4 37. Nd5 h4 38. Nf4+ Kh6 39.
Rh5# 1-0

[Event "*** SCC Grand Prix: Titled Tuesday Blitz"]
[Site "Chess.com"]
[Date "2020.08.11"]
[Round "4"]
[White "Mr_Sinigami"]
[Black "Region_07"]
[Result "1-0"]
[WhiteElo "2615"]
[BlackElo "2394"]
[TimeControl "180+1"]
[EndTime "10:38:37 PDT"]
[Termination "Mr_Sinigami won by resignation"]

1. d4 f5 2. Nf3 Nf6 3. g3 g6 4. Bg2 Bg7 5. O-O O-O 6. c4 d6 7. Nc3 c6 8. b3 a5 9. a3 Qc7 10. Bb2 e5 11. c5 e4 12. cxd6 Qxd6 13. Ne5 Be6 14. e3 Nbd7 15. Nc4 Qc7 16. a4 Nd5 17. Nxd5 Bxd5 18. Ba3 Rf6 19. Rc1 Re8 20. Qd2 b6 21.
Rc2 h5 22. Rfc1 h4 23. Ne5 Nxe5 24. dxe5 Rfe6 25. Qxd5 Qf7 26. Rxc6 Rxc6 27. Qxf7+ Kxf7 28. Rxc6 hxg3 29. hxg3 Rxe5 30. Rc7+ Kg8 31. Bb2 1-0

[Event "*** SCC Grand Prix: Titled Tuesday Blitz"]
[Site "Chess.com"]
[Date "2020.08.11"]
[Round "4"]
[White "keshka01"]
[Black "floplover"]
[Result "1-0"]
[WhiteElo "2595"]
[BlackElo "2306"]
[TimeControl "180+1"]
[EndTime "10:38:37 PDT"]
[Termination "keshka01 won by resignation"]

1. e4 c6 2. c4 d5 3. cxd5 cxd5 4.
exd5 Nf6 5. Qa4+ Bd7 6. Qb3 Na6 7. d4 Qb6 8. Qxb6 axb6 9. Bxa6 bxa6 10. Nc3 b5 11. a3 e6 12. dxe6 Bxe6 13. Nge2 Be7 14. O-O O-O 15. Re1 h6 16. Nf4 Rfe8 17. Nxe6 fxe6 18.
Rxe6 Bxa3 19. Rxe8+ Rxe8 20. Kf1 Bb4 21. Rxa6 Ne4 22.
Nxe4 Rxe4 23. Be3 Be7 24. Rb6 b4 25. Ke2 Kf7 26. Kd3 Rg4 27. g3 h5 28. h3 Rg6 29.
Rxg6 Kxg6 30. Ke4 h4 31. g4 Kf6 32. b3 Ke6 33. f4 Bd6 34. f5+ Kf6 35. Bf4 Be7 36.
Be5+ Kf7 37. Kd5 Bg5 38. Kc6 Be3 39. d5 Bf4 40. Bxf4 1-0

[Event "*** SCC Grand Prix: Titled Tuesday Blitz"]
[Site "Chess.com"]
[Date "2020.08.11"]
[Round "4"]
[White "Onischuk_V"]
[Black "Revnov"]
[Result "1-0"]
[WhiteElo "2920"]
[BlackElo "2754"]
[TimeControl "180+1"]
[EndTime "10:38:38 PDT"]
[Termination "Onischuk_V won by resignation"]

1. e4 c5 2. Nc3 a6 3. g3 b5 4. Bg2 Bb7 5. Nge2 e6 6. O-O d6 7. d4 Nd7 8. d5 e5 9. a4 b4 10. Nb1 a5 11. c4 bxc3 12. Nexc3 Ba6 13. Re1 Ngf6 14. Na3 Be7 15. Bf1 Bc8 16. Ncb5 O-O 17. Nc4 Nb6 18. b3 g6 19. Bh6 Re8 20. Bd2 Nxc4 21.
bxc4 Nh5 22. Bc3 Bg5 23. Rb1 Ng7 24. Bd3 h5 25. Bd2 Bxd2 26. Qxd2 h4 27. Qh6 Nh5 28. Be2 Ng7 29. Qxh4 Qxh4 30. gxh4 Rd8 31. Nc3 Bd7 32. Rb6 Be8 33. Reb1 Kf8 34. Rb7 Rd7 35. Rxd7 Bxd7 36.
Rb7 Ke8 37. Nb5 Bxb5 38. cxb5 Kf8 39. b6 Ne8 40. Bb5 Nf6 41. f3 Rc8 42. Rc7 Rb8 43. b7 Kg7 44. Bc6 c4 45. Kf2 c3 46. Ke2 1-0

[Event "*** SCC Grand Prix: Titled Tuesday Blitz"]
[Site "Chess.com"]
[Date "2020.08.11"]
[Round "4"]
[White "dosto07"]
[Black "dopolian"]
[Result "0-1"]
[WhiteElo "2300"]
[BlackElo "2525"]
[TimeControl "180+1"]
[EndTime "10:38:38 PDT"]
[Termination "dopolian won by resignation"]

1. e4 e5 2. Nf3 Nc6 3. Bb5 a6 4. Bxc6 dxc6 5. O-O f6 6. d4 exd4 7. Nxd4 c5 8. Ne2 Qxd1 9. Rxd1 Bg4 10. f3 Bd7 11. Nbc3 O-O-O 12. Be3 b6 13. Rd2 Ne7 14. Rad1 Ng6 15. Nf4 Nxf4 16. Bxf4 c4 17. Nd5 Bc5+ 18.
Kf1 c6 19. Nc7 g5 20. Bg3 Be3 21. Re2 Bf4 22. Bxf4 gxf4 23. Nxa6 c5 24. Red2 Bb5 25.
Rxd8+ Rxd8 26. Rxd8+ Kxd8 27. Kf2 Bxa6 28. g3 fxg3+ 29.
Kxg3 Ke7 30. Kf4 b5 31. e5 Bb7 32. exf6+ Kxf6 33. a3 h5 34. h4 Bc6 35. c3 Bb7 36. Ke3 Ke5 0-1

[Event "*** SCC Grand Prix: Titled Tuesday Blitz"]
[Site "Chess.com"]
[Date "2020.08.11"]
[Round "4"]
[White "RobPeresian"]
[Black "Mikasinski"]
[Result "0-1"]
[WhiteElo "2241"]
[BlackElo "2443"]
[TimeControl "180+1"]
[EndTime "10:38:39 PDT"]
[Termination "Mikasinski won by resignation"]

1. Nf3 Nf6 2. c4 g6 3. Nc3 Bg7 4.
e4 d6 5. d4 O-O 6. h3 e5 7. d5 Nh5 8. Ng1 Qe8 9. Be2 f5 10.
exf5 Nf4 11. Bxf4 exf4 12. fxg6 Qxg6 13. Bg4 Re8+ 14. Kf1 Bxg4 15. Qxg4 Qd3+ 16. Nge2 Qxc4 17. Qxf4 Qc5 18. Kg1 Nd7 19. h4 Ne5 20. Rd1 Rf8 21.
Qg3 Kh8 22. h5 Bh6 23. Nd4 Rg8 24. Qh4 Raf8 25. Ne6 Nf3+ 26. Kf1 Nxh4 27. Nxc5 Nxg2 28. Ne6 Ne3+ 29. Ke2 Nxd1 30. Nxf8 Nxc3+ 31. bxc3 Rxf8 32. Rh3 Rf5 33. c4 Kg7 34. Kd3 Rxf2 35. a4 Ra2 36. Ke4 Rxa4 37. Kf5 Rxc4 38. Rg3+ Kf7 39. Rf3 Rf4+ 40.
Rxf4 Bxf4 41. Kxf4 Kf6 0-1

[Event "*** SCC Grand Prix: Titled Tuesday Blitz"]
[Site "Chess.com"]
[Date "2020.08.11"]
[Round "4"]
[White "belisarius64"]
[Black "BursaBBSatranc"]
[Result "0-1"]
[WhiteElo "2706"]
[BlackElo "2524"]
[TimeControl "180+1"]
[EndTime "10:38:40 PDT"]
[Termination "BursaBBSatranc won by resignation"]

1. e4 e5 2. Nf3 Nf6 3. Nxe5 d6 4.
Nf3 Nxe4 5. d4 d5 6. Bd3 Bd6 7.
O-O O-O 8. c4 c6 9. Nc3 Nxc3 10.
bxc3 dxc4 11. Bxc4 Bg4 12. h3 Bh5 13. Rb1 Qc7 14.
Be2 Nd7 15. Nd2 Bg6 16. Rb3 Rab8 17. Nc4 Bf4 18. Bg4 Bxc1 19. Qxc1 Bd3 20. Ne3 Bxf1 21. Qxf1 Rfe8 22. c4 Nf6 23. Bf5 Ne4 24. Qd3 Qf4 25.
Rb2 Nxf2 26. Bxh7+ Kh8 27. Rxf2 Qxe3 28. Qc2 Qxd4 29.
Bf5 Re1+ 30. Kh2 Qe5+ 31. g3 Re8 32. Bd3 Re3 33. Rf4 g6 34. Qd2 Rd8 35. Qf2 Rdxd3 36.
Rxf7 Qxg3+ 37. Qxg3 Rxg3 38. Rxb7 Rxh3+ 39. Kg2 Ra3 0-1